Map: Data-C

Players

NoobsMcGee

  • Race: Zerg Zerg
  • League: Diamond
  • Spawn Location: 3:00

Kwas - Winner!

  • Race: Zerg Zerg
  • League: Master
  • Spawn Location: 9:00

VOD

Have the link to the VOD?

Description

Time

  • Played on: Jan. 4, 2023, 6:58 p.m.
  • Length: 9:15
Show
View Real Time Build Order
Export as new Build Order

NoobsMcGee Zerg 

Build Orders: Hatch First 

Get SALT Encoding   

  12  0:00  Drone  
  13  0:11  Drone  
  14  0:36  Hatchery  
  14  0:39  Extractor  
  14  0:40  Drone  
  13  0:58  Spawning Pool  
  13  1:04  Drone  
  13  1:08  Drone  
  14  1:19  Overlord  
  14  1:44  Metabolic Boost  
  14  1:47  Queen  
  14  1:49  Zergling x2  
  14  1:52  Zergling x2  
  18  1:56  Zergling x2  
  18  2:00  Zergling x2  
  20  2:06  Zergling x2  
  21  2:08  Zergling x2  
  21  2:12  Zergling x2  
  23  2:15  Zergling x2  
  24  2:25  Overlord  
  24  2:27  Zergling x2  
  25  2:32  Zergling x2  
  26  2:38  Zergling x2  
  26  2:42  Zergling x2  
  28  2:47  Zergling x2  
  29  2:52  Overlord  
  29  2:57  Zergling x2  
  30  3:01  Zergling x2  
  30  3:02  Zergling x2  
  29  3:13  Drone  
  29  3:14  Drone x2  
  29  3:24  Drone x2  
  31  3:30  Drone x2  
  33  3:37  Drone  
  34  3:45  Drone  
  35  3:53  Drone x2  
  36  4:00  Queen  
  36  4:01  Overlord  
  38  4:03  Drone  
  38  4:04  Drone  
  38  4:06  Drone  
  41  4:12  Drone x2  
  43  4:23  Roach Warren  
  42  4:26  Drone x2  
  44  4:37  Zergling x8  
  39  4:52  Drone x4  
  43  4:55  Lair  
  43  5:00  Drone x3  
  43  5:06  Overlord  
  46  5:12  Drone  
  46  5:13  Evolution Chamber  
  46  5:17  Extractor  
  46  5:19  Extractor  
  44  5:29  Drone x3  
  44  5:33  Extractor  
  44  5:35  Overlord  
  46  5:37  Hatchery, Drone  
  46  5:38  Drone x2  
  46  5:39  Zerg Missile Weapons Level 1  
  48  5:51  Drone x3  
  48  5:55  Roach x3, Glial Reconstitution  
  57  6:04  Roach  
  57  6:05  Roach  
  57  6:06  Roach  
  63  6:16  Roach x2  
  67  6:22  Spore Crawler  
  67  6:25  Spore Crawler  
  65  6:26  Overlord x4  
  65  6:28  Overseer  
  65  6:31  Queen  
  67  6:45  Roach x6  
  78  6:55  Roach x3  
  78  6:56  Roach  
  86  7:06  Roach x4  
  94  7:12  Overlord  
  94  7:20  Roach x3  
  94  7:21  Roach  
  100  7:28  Hydralisk Den  
  92  7:41  Roach x5  
  86  7:52  Drone x7  
  86  7:54  Drone  
  92  8:00  Overlord  
  92  8:03  Muscular Augments  
  82  8:08  Hydralisk  
  82  8:09  Hydralisk  
  82  8:11  Hydralisk  
  82  8:18  Roach x2  
  82  8:19  Roach  
  76  8:25  Spore Crawler  
  73  8:33  Evolution Chamber  
  72  8:37  Hydralisk x4  
  80  8:47  Hydralisk  
  80  8:48  Hydralisk x3  
Show
View Real Time Build Order
Export as new Build Order

Kwas Zerg - Winner!

Build Orders: Pool First 

Get SALT Encoding   

  12  0:00  Drone  
  13  0:12  Overlord  
  13  0:17  Drone  
  14  0:30  Drone x2  
  16  0:40  Spawning Pool  
  15  0:46  Drone  
  15  0:49  Drone  
  17  1:10  Hatchery  
  16  1:13  Drone  
  16  1:15  Drone  
  18  1:19  Extractor  
  17  1:27  Zergling x2  
  17  1:28  Zergling x2  
  19  1:34  Queen  
  21  1:49  Overlord  
  21  2:01  Drone  
  22  2:07  Drone  
  23  2:11  Drone  
  23  2:12  Queen  
  27  2:22  Zergling x2  
  27  2:23  Zergling x2  
  27  2:29  Queen, Metabolic Boost  
  30  2:36  Zergling x4  
  32  2:44  Spine Crawler  
  31  3:00  Baneling Nest  
  31  3:02  Zergling x6  
  33  3:12  Zergling x6  
  34  3:17  Zergling x2  
  34  3:18  Zergling x2  
  33  3:22  Drone  
  34  3:31  Zergling x4  
  36  3:44  Baneling x2  
  35  3:51  Baneling  
  35  4:00  Overlord  
  35  4:06  Overlord  
  35  4:08  Lair  
  35  4:17  Overlord  
  35  4:19  Drone x4  
  35  4:20  Drone  
  40  4:25  Drone  
  41  4:32  Drone x2  
  41  4:36  Baneling  
  41  4:37  Drone  
  42  4:39  Drone  
  42  4:41  Drone  
  42  4:44  Drone  
  40  4:47  Drone  
  40  4:48  Drone  
  40  4:52  Extractor  
  39  4:54  Drone x2  
  39  4:58  Drone  
  39  4:59  Drone  
  43  5:01  Drone  
  43  5:04  Drone  
  43  5:05  Drone  
  46  5:10  Extractor  
  46  5:13  Drone, Extractor  
  45  5:15  Drone  
  45  5:21  Spire  
  45  5:22  Drone  
  45  5:23  Drone  
  45  5:25  Drone  
  45  5:28  Drone  
  49  5:29  Drone  
  49  5:32  Zergling x4  
  52  5:41  Drone x3  
  55  5:56  Overlord  
  55  6:06  Hatchery  
  55  6:09  Drone  
  55  6:13  Overlord  
  55  6:17  Overlord  
  53  6:32  Mutalisk x7  
  65  6:33  Drone x2  
  65  6:34  Drone x2  
  65  6:39  Drone  
  72  6:42  Drone  
  72  6:43  Zerg Flyer Weapons Level 1  
  73  6:51  Overlord x2  
  73  6:55  Roach Warren  
  73  7:00  Mutalisk x2  
  76  7:05  Drone x5  
  81  7:10  Mutalisk  
  83  7:17  Mutalisk  
  85  7:26  Mutalisk  
  86  7:36  Mutalisk  
  88  7:42  Overlord  
  78  7:54  Zergling x2  
  78  7:55  Zergling x20  
  89  8:02  Mutalisk  
  89  8:04  Hatchery  
  88  8:09  Mutalisk x2  
  91  8:13  Drone  
  92  8:26  Hatchery, Mutalisk  
  90  8:28  Drone  
  90  8:29  Drone x5  
  90  8:33  Drone  
  99  8:47  Mutalisk x2  
  99  8:55  Drone x2  
  99  8:56  Drone x2  
Tags
 
Matchup
ZvZ
Race
Zerg
Spawn Locations
Cross Positions
Add a new tag
Caveats
  • Supply blocks, unpowered buildings, or Contaminate may cause inaccurate times.
  • Supply counts are checked every 10 seconds.